 Dungeon Crawl Stone Soup version 0.30-a0-728-gc68057be0a (webtiles) character file.

Game seed: 18210302430133931781

1059 Laraso the Cudgeller (level 8, -1/108 HPs)
             Began as an Armataur Berserker on Feb 1, 2023.
             Was a Priest of Trog.
             Slain by a gnoll
             ... wielding a +0 flail
              (7 damage)
             ... on level 5 of the Dungeon.
             The game lasted 00:05:40 (3998 turns).

Laraso the Cudgeller (Armataur Berserker)           Turns: 3998, Time: 00:05:41

Health: -1/108     AC:  8    Str: 31    XL:     8   Next: 6%
Magic:  8/8        EV:  9    Int:  7    God:    Trog [***...]
Gold:   234        SH:  3    Dex: 10    Spells: 7/7 levels left

rFire   . . .      SeeInvis +    a - +1 mace
rCold   . . .      Faith    .    q - +0 buckler
rNeg    . . .      Spirit   .    l - +0 ring mail
rPois   .          Reflect  .    (no helmet)
rElec   .          Harm     .    e - +1 cloak
rCorr   .          Roll     +    (no gloves)
Will    .....                    (no barding) Stlth
                                 (no amulet)
HPRegen 0.38/turn                c - +6 ring of strength
MPRegen 0.11/turn                d - ring of see invisible

@: berserking, lethally poisoned (-1 -> -8), slowed
A: large, rugged brown scales 3, deformed body, armoured tail, roll, long
tongue, awkward tongue
a: Renounce Religion, Berserk, Trog's Hand


You were on level 5 of the Dungeon.
You worshipped Trog.
Trog was most pleased with you.
You visited 1 branch of the dungeon, and saw 5 of its levels.

You collected 234 gold pieces.

Inventory:

Hand Weapons
 a - a +1 mace (weapon)
 b - a +0 arbalest
Armour
 e - a +1 cloak (worn)
 l - a +0 ring mail (worn)
 q - a +0 buckler (worn)
Jewellery
 c - a +6 ring of strength (left hand)
 d - a ring of see invisible (right hand)
 j - a ring of flight
Wands
 t - a wand of flame (12)
Scrolls
 n - a scroll of teleportation
 r - 2 scrolls of fog
 u - a scroll of magic mapping
 v - 3 scrolls of silence {unknown}
Potions
 f - 3 potions of might
 g - a potion of attraction {unknown}
 h - a potion of berserk rage {unknown}
 i - 2 potions of resistance {unknown}
 k - a potion of degeneration {unknown}
 m - 2 potions of heal wounds {unknown}
 o - 3 potions of curing
 p - a potion of haste {unknown}
 s - a potion of mutation {unknown}


   Skills:
 - Level 5.0 Fighting
 - Level 7.2 Maces & Flails
 * Level 3.9 Armour
 * Level 2.3 Dodging


You had 7 spell levels left.
You didn't know any spells.
Your spell library was empty.

Dungeon Overview and Level Annotations

Branches:
Dungeon (5/15)             Temple (0/1) D:4

Altars:
Makhleb
Okawaru
Ru
Vehumet
Wu Jian


Innate Abilities, Weirdness & Mutations

You are completely covered in rugged brown scales. (AC +3, +7% HP)
Armour fits poorly on your strangely shaped body.
You have a long armoured tail.
You roll when moving toward enemies. (Rampage)
Your long tongue fully drains potion bottles. (2x potion effects)
Your tongue gives you trouble enunciating. (1.5x scroll delay)


Message History

The scorpion poisons you!
You sock the orc wizard!
You kill the orc wizard!
Trog accepts your kill.
Trog appreciates your killing of a magic user.
You feel very sick. The kobold hits you but does no damage.
The orc hits you with a +0 hand axe.
* * * LOW HITPOINT WARNING * * *
The gnoll hits you but does no damage. The gnoll closely misses you.
The kobold hits you but does no damage. The gnoll closely misses you.
The scorpion stings you but does no damage.
You sock the scorpion!
Your tail-slap misses the scorpion.
The scorpion is heavily wounded.
You feel very sick. The orc barely misses you.
The orc hits you but does no damage. The kobold hits you but does no damage.
The gnoll completely misses you. You block the kobold's attack.
The gnoll hits you but does no damage.
The gnoll hits you from afar with a +0 spear.
* * * LOW HITPOINT WARNING * * *
The scorpion stings you but does no damage.
You barely miss the scorpion.
The scorpion is heavily wounded.
You feel sick. The scorpion closely misses you. The orc closely misses you.
The white imp laughs crazily.
The orc hits you with a +0 hand axe.
* * * LOW HITPOINT WARNING * * *
The gnoll barely misses you. x2; The kobold barely misses you.
The kobold hits you but does no damage.
The gnoll hits you from afar with a +0 spear.
* * * LOW HITPOINT WARNING * * *
The scorpion stings you.
* * * LOW HITPOINT WARNING * * *
The gnoll hits you but does no damage. The orc hits you but does no damage.
The orc hits you with a +0 whip.
* * * LOW HITPOINT WARNING * * *
You block the kobold's attack. You block the gnoll's attack.
The kobold hits you with a +0 short sword.
* * * LOW HITPOINT WARNING * * *
The gnoll hits you with a +0 flail!
You die...

#. .......# ...
#. #####.......#
.. #.
............##..
##
......#........ #
#....#......#
#..K#...KK.+ .
#...#..gosg# #.
#...#..gK@o# ..
#..#.5K..# .....
####.############
#....
#.....††........#
#....
##...#.########.#
#.... #...#.###
#.# #....
#...#...# #.#
#.... #...###'###
#.#######...
#...##....#
#.......'...


You could see a kobold brigand, a scorpion, 3 gnolls, a white imp, 2 orcs and 3
kobolds.

Vanquished Creatures
  Grinder (D:3)
  Sigmund (D:3)
  A water moccasin (D:5)
  2 phantoms
  A scorpion (D:4)
  Crazy Yiuf (D:2)
  2 hounds (D:5)
  An orc priest (D:4)
  An iguana (D:4)
  4 orc wizards
  7 adders
  4 dart slugs
  12 orcs
  4 endoplasms
  8 goblins
  9 hobgoblins
  4 jackals
  6 kobolds
  5 quokkas
  4 ball pythons
  7 bats
  3 frilled lizards
  5 rats
93 creatures vanquished.

Vanquished Creatures (others)
  A plant (D:5)
1 creature vanquished.

Grand Total: 94 creatures vanquished

Notes
Turn   | Place    | Note
-------+----------+-------------------------------------------
     0 | D:1      | Laraso the Armataur Berserker began the quest for the Orb.
     0 | D:1      | Reached XP level 1. HP: 19/19 MP: 1/1
    49 | D:1      | Reached skill level 3 in Maces & Flails
   116 | D:1      | Reached XP level 2. HP: 24/26 MP: 2/2
  1094 | D:2      | Reached skill level 4 in Maces & Flails
  1094 | D:2      | Reached XP level 3. HP: 32/32 MP: 3/3
  1425 | D:2      | Reached ** piety under Trog
  1426 | D:2      | Reached XP level 4. HP: 30/39 MP: 4/4
  1741 | D:2      | Found a runed translucent door.
  1744 | D:2      | Noticed Crazy Yiuf
  1753 | D:2      | Killed Crazy Yiuf
  2007 | D:3      | Reached skill level 5 in Maces & Flails
  2015 | D:3      | Reached XP level 5. HP: 12/34 MP: 5/5
  2564 | D:3      | Noticed Sigmund
  2578 | D:3      | Killed Sigmund
  2579 | D:3      | Reached skill level 6 in Maces & Flails
  2579 | D:3      | Reached XP level 6. HP: 53/53 MP: 6/6
  2669 | D:3      | Noticed Grinder
  2679 | D:3      | Killed Grinder
  2680 | D:3      | Reached skill level 7 in Maces & Flails
  2810 | D:4      | Reached XP level 7. HP: 60/60 MP: 7/7
  2877 | D:4      | Found an ornate altar of the Wu Jian Council.
  2901 | D:4      | Found a staircase to the Ecumenical Temple.
  3216 | D:4      | Found a sacrificial altar of Ru.
  3400 | D:4      | Found a radiant altar of Vehumet.
  3663 | D:5      | Entered Level 5 of the Dungeon
  3680 | D:5      | Found a burning altar of Makhleb.
  3747 | D:5      | Found an iron altar of Okawaru.
  3811 | D:5      | Reached skill level 5 in Fighting
  3991 | D:5      | Reached XP level 8. HP: 72/72 MP: 8/8
  3996 | D:5      | Reached *** piety under Trog
  3998 | D:5      | Slain by a gnoll

Illustrated notes

Levels and vault maps discovered:
D:1:      dpeg_arrival_long_road, layout_basic
D:2:      layout_basic, minivault_4, uniq_crazy_yiuf_cottage
D:3:      layout_loops_ring, due_unseen_surprise, uniq_grinder, uniq_sigmund
D:4:      layout_basic, lemuel_coloured_pillars_altar,
          mainiacjoe_overflow_alcove_4, nicolae_vehumet_radiance, temple_pool_b,
          kennysheep_generic_room_7
D:5:      layout_basic, mainiacjoe_overflow_chevrons, makhleb_heckhound_becter,
          slow_altar_2, yredelemnul_forgotten_temple_becter,
          hellmonk_ghost_happy_afterlife

Skill      XL: |  1  2  3  4  5  6  7 |
---------------+----------------------+-----
Maces & Flails | 3 4 5 6 7 |  7.2
Fighting       | 3 5 |  5.0
Armour         | 3 |  3.9
Dodging        | 2 |  2.3

Action                     |  1- 3 |  4- 6 |  7- 9 || total
---------------------------+-------+-------+-------++-------
  Melee: Mace              |    78 |    64 |   122 ||   264
         Tailslap          |    10 |     7 |    11 ||    28
         Punch             |     1 |       |       ||     1
 Invoke: Berserk           |       |     4 |     1 ||     5
         Trog's Hand       |       |     1 |       ||     1
    Use: Scroll            |     6 |     5 |     2 ||    13
         Potion            |       |       |     1 ||     1
 Armour: Animal skin       |    34 |       |       ||    34
         Ring mail         |     8 |    33 |    71 ||   112
  Dodge: Dodged            |    49 |    39 |    53 ||   141
  Block: Buckler           |       |       |    14 ||    14

Table legend: (Time is in decaauts)
 A = Elapsed time spent in this place.
 B = Non-inter-level travel time spent in this place.
 C = Inter-level travel time spent in this place.
 D = Time resting spent in this place.
 E = Time spent auto-exploring this place.
 F = Levels seen in this place.
 G = Mean time per level.
                   A        B        C        D        E       F      G
               +--------+--------+--------+--------+--------+-----+--------+
         Total |   4060 |   3905 |    155 |    652 |   2507 |   5 |  812.0 |
       Dungeon |   4060 |   3905 |    155 |    652 |   2507 |   5 |  812.0 |
               +--------+--------+--------+--------+--------+-----+--------+

Top non-repeatable levels by time:
     D:1: 1033 daAuts
     D:2: 925 daAuts
     D:3: 895 daAuts
     D:4: 869 daAuts
     D:5: 336 daAuts
